 Dungeon Crawl Stone Soup version 0.20.1-1-g8b1a95d (webtiles) character file.

439 gravoxx the Skirmisher (level 7, -2/61 HPs)
             Began as a Hill Orc Fighter on Aug 16, 2017.
             Was a Follower of Uskayaw.
             Slain by a slave (3 damage)
             ... led by Pikel
             ... on level 4 of the Dungeon.
             The game lasted 00:16:04 (3487 turns).

gravoxx the Skirmisher (Hill Orc Fighter)           Turns: 3487, Time: 00:16:05

Health: -2/61      AC:  7    Str: 21    XL:     7   Next: 1%
Magic:  7/7        EV:  8    Int:  8    God:    Uskayaw [*.....]
Gold:   68         SH: 10    Dex: 10    Spells: 6/6 levels left

rFire    + . .     SeeInvis .   a - +0 long sword
rCold    x . .     Gourm    .   c - +0 shield
rNeg     . . .     Faith    .   b - +0 scale mail
rPois    .         Spirit   .   (no helmet)
rElec    .         Reflect  .   (no cloak)
rCorr    .         Harm     .   (no gloves)
MR       .....                  (no boots)
Stlth    ..........             (no amulet)
Regen    0.2/turn               t - ring of fire
MPRegen  0.1/turn               (no ring)

@: no status effects
A: no striking features
a: Stomp, Renounce Religion


You were on level 4 of the Dungeon.
You worshipped Uskayaw.
Uskayaw was noncommittal.
You were not hungry.

You visited 1 branch of the dungeon, and saw 4 of its levels.

You collected 68 gold pieces.

Inventory:

Hand Weapons
 a - a +0 long sword (weapon)
Armour
 b - a +0 scale mail (worn)
 c - a +0 shield (worn)
Jewellery
 t - a ring of fire (left hand)
Scrolls
 i - 2 scrolls of teleportation
 k - a scroll of random uselessness {unknown}
 l - a scroll of noise {unknown}
 m - 3 scrolls of identify {unknown}
 n - a scroll of enchant weapon {unknown}
 q - a scroll of fear {unknown}
 r - a scroll of remove curse
Potions
 d - 2 potions of might
 e - a potion of invisibility {unknown}
 h - a potion of magic {unknown}
 j - a potion of experience {unknown}
 o - 2 potions of lignification {unknown}
 s - a potion of mutation {unknown}
Comestibles
 f - 2 bread rations
 g - 3 meat rations


   Skills:
 + Level 5.0 Fighting
 + Level 4.8 Long Blades
 + Level 4.4 Armour
 + Level 1.2 Dodging
 + Level 0.5 Stealth
 + Level 5.0 Shields


You had 6 spell levels left.
You didn't know any spells.

Dungeon Overview and Level Annotations

Branches:
Dungeon (4/15)
 Temple: D:4-7

Altars:
Hepliaklqana
Uskayaw

Annotations:
D:4 Pikel


Message History

You block the slave's attack.
The slave hits you but does no damage. x2
You block the slave's attack.
There is an open door here.
You block the slave's attack.
You see here an adder corpse.
Pikel waves his whip at you.
You closely miss Pikel.
Pikel says, "Slavery isn't that bad."
Pikel hits you with a whip of electrocution.
You are electrocuted!
* * * LOW HITPOINT WARNING * * *
You barely miss Pikel. You block Pikel's attack.
Pikel hits you but does no damage.
Pikel hits you with a whip of electrocution!
* * * LOW HITPOINT WARNING * * *
You slash the slave!
The slave is moderately wounded.
The slave hits you but does no damage. The slave hits you.
You die...

......######################
$.....'....#.....#.........#
......#....'.....#.........#
......#....#.....#.........#
#######....#.....#.........#
#....+.....#.....'.........# .
#...)##...####..##..#########+##.
#....##...####..#####............
#...............@p..#............
#...............pK..#.........(..
#.................s.#.p.....[....
#.................†.#............
#..................p'............
#....##...####..(####............
#....##...######'#.....#########.
#....#...........#.....#.......#.
#....#...........#.....#......[#


You could see Pikel, 3 slaves and a scorpion.

Vanquished Creatures
  The ghost of grinvi4 the Magician, an amateur OpWz of Vehumet (D:4)
  A slave (D:4)
  A howler monkey (D:4)
  A bullfrog skeleton (D:4)
  Jessica (D:2)
  Terence (D:2)
  3 gnolls (D:2)
  4 adders
  An ooze (D:1)
  2 dart slugs
  5 leopard geckos
  2 orcs (D:3)
  2 ball pythons (D:2)
  4 giant cockroaches
  9 goblins
  8 hobgoblins
  6 jackals (D:3)
  11 kobolds
  A quokka (D:3)
  5 bats
  3 frilled lizards
  11 rats
83 creatures vanquished.

Notes
Turn   | Place    | Note
-------+----------+-------------------------------------------
     0 | D:1      | gravoxx the Hill Orc Fighter began the quest for the Orb.
     0 | D:1      | Reached XP level 1. HP: 19/19 MP: 1/1
   270 | D:1      | Reached XP level 2. HP: 23/27 MP: 2/2
   504 | D:1      | Reached XP level 3. HP: 29/33 MP: 3/3
  1038 | D:2      | Noticed Jessica
  1048 | D:2      | Killed Jessica
  1048 | D:2      | Reached XP level 4. HP: 24/40 MP: 4/4
  1649 | D:2      | Found a hazy altar of Hepliaklqana.
  1828 | D:2      | Noticed Terence
  1848 | D:2      | Killed Terence
  1848 | D:2      | Reached XP level 5. HP: 32/47 MP: 5/5
  2625 | D:3      | Found a hide-covered altar of Uskayaw.
  2665 | D:3      | Became a worshipper of Uskayaw the Reveler
  2722 | D:3      | Reached * piety under Uskayaw
  3086 | D:4      | Noticed grinvi4's ghost (amateur OpWz)
  3092 | D:4      | Reached ** piety under Uskayaw
  3094 | D:4      | Reached XP level 6. HP: 50/53 MP: 6/6
  3096 | D:4      | Reached *** piety under Uskayaw
  3121 | D:4      | Killed grinvi4's ghost
  3121 | D:4      | Reached skill level 5 in Fighting
  3121 | D:4      | Reached skill level 1 in Dodging
  3343 | D:4      | Reached skill level 5 in Shields
  3343 | D:4      | Reached XP level 7. HP: 57/61 MP: 7/7
  3456 | D:4      | Noticed Pikel
  3486 | D:4      | HP: 1/61 [Pikel/whip of electrocution (9)]
  3487 | D:4      | Slain by a slave

Skill      XL: |  1  2  3  4  5  6 |
---------------+-------------------+-----
Fighting       | 4 5 |  5.0
Shields        | 4 5 |  5.0
Long Blades    | 3 4 |  4.8
Armour         | 4 |  4.4
Dodging        | 1 |  1.2
Stealth        | |  0.5

Action                   |  1- 3 |  4- 6 |  7- 9 || total
-------------------------+-------+-------+-------++-------
Melee: Long sword        |    79 |   211 |    10 ||   300
  Use: Scroll            |     2 |       |       ||     2
  Eat: Meat ration       |     1 |       |       ||     1
       Chunk             |       |     2 |       ||     2
       Royal jelly       |       |     1 |       ||     1
Armor: Scale mail        |    48 |   105 |    11 ||   164
Dodge: Dodged            |    36 |    64 |     4 ||   104
Block: Shield            |    59 |    99 |    13 ||   171
       Rpst.: Long sword |     7 |    15 |     2 ||    24
